 Dungeon Crawl Stone Soup version 0.31-a0-1576-ga3383bade6 (webtiles) character file.

Game seed: 6526774474615972448

7197 Atlas the Grappler (level 10, -10/106 HPs)
             Began as a Demonspawn Shapeshifter on Jan 4, 2024.
             Was an Initiate of Gozag.
             Killed from afar by a gargoyle (26 damage)
             ... with a stone arrow
             ... on level 11 of the Dungeon.
             The game lasted 00:10:49 (11041 turns).

Atlas the Grappler (Demonspawn Shapeshifter)       Turns: 11041, Time: 00:10:49

Health: -10/106    AC: 25    Str: 19    XL:     10   Next: 87%
Magic:  0/10       EV:  2    Int: 11    God:    Gozag
Gold:   652        SH:  5    Dex: 12    Spells: 9/9 levels left

rFire   . .          .
                       - Unarmed
rCold   . . .        (no shield)
rNeg    . . .        x - melded +2 scale mail {rPois}
rPois   +            (helmet currently unavailable)
rElec   .            (cloak currently unavailable)
rCorr   +            (gloves currently unavailable)
SInv    .            (boots currently unavailable)
Will    .....        F - amulet of reflection
Stlth   ++           I - +4 ring of slaying
HPRegen 0.37/turn    w - ring of resist corrosion
MPRegen 0.24/turn

%: reflection, guardian spirit
@: tree-form, gold aura
A: stationary, stasis, torment immunity, boosted hp, (hooves 2), repulsion field
1, ignite blood 1, magic shield, magic regeneration, magic link
a: Renounce Religion, Potion Petition, Call Merchant, Bribe Branch


You were on level 11 of the Dungeon.
You worshipped Gozag.
Gozag was pleased with you.
You were a tree.
You visited 2 branches of the dungeon, and saw 12 of its levels.

You collected 1324 gold pieces.
You spent 94 gold pieces at shops.
You paid 578 gold pieces to Gozag.

Inventory:

Missiles
 k - 4 javelins
 l - 27 poisoned darts
 y - 4 curare-tipped darts
 H - 14 darts of dispersal
 J - 2 throwing nets
Armour
 x - a +2 scale mail of poison resistance (melded)
Jewellery
 j - a ring of protection from cold
 p - a ring of poison resistance
 w - a ring of resist corrosion (right branch)
 F - an amulet of reflection (around neck)
 I - a +4 ring of slaying (left branch)
 M - an amulet of the acrobat
Talismans
 c - a beast talisman
 d - a flux talisman
 A - a maw talisman
Wands
 t - a wand of iceblast (16)
 u - a wand of light (4)
 E - a wand of charming (8)
 K - a wand of mindburst (3)
Scrolls
 a - a scroll of silence {unknown}
 e - 3 scrolls of vulnerability {unknown}
 f - 8 scrolls of teleportation
 g - a scroll of fog {unknown}
 h - 5 scrolls of identify
 i - 4 scrolls of enchant armour {unknown}
 m - a scroll of amnesia {unknown}
 s - a scroll of summoning {unknown}
 z - a scroll of blinking {unknown}
 B - 2 scrolls of fear {unknown}
 N - a scroll of noise {unknown}
Potions
 b - a potion of lignification
 n - 4 potions of might {unknown}
 o - a potion of cancellation {unknown}
 r - 3 potions of enlightenment {unknown}
 v - 7 potions of degeneration {unknown}
 C - 3 potions of mutation {unknown}
 D - a potion of resistance {unknown}
 G - a potion of heal wounds {unknown}
 L - a potion of haste {unknown}


   Skills:
 - Level 4.0 Fighting
 - Level 0.3 Throwing
 - Level 6.9 Armour
 - Level 4.4 Dodging
 - Level 1.3 Stealth
 - Level 2.0 Shields
 + Level 10.1 Unarmed Combat
 - Level 1.2 Evocations
 + Level 7.2 Shapeshifting


You had 9 spell levels left.
You didn't know any spells.
Your spell library contained the following spells:

 Spells                   Type           Power      Damage    Failure   Level
 Summon Small Mammal      Summ           0%         N/A       34%         1
 Ensorcelled Hibernation  Hex/Ice        0%         N/A       47%         2
 Call Canine Familiar     Summ           0%         N/A       71%         3
 Passwall                 Erth           0%         N/A       71%         3
 Swiftness                Air            0%         N/A       71%         3
 Animate Armour           Summ/Erth      0%         N/A       98%         4
 Summon Blazeheart Golem  Fire/Summ      0%         N/A       98%         4
 Summon Lightning Spire   Summ/Air       0%         N/A       98%         4
 Lee's Rapid Deconstruct  Erth           0%         3d4*      100%        5
 Conjure Ball Lightning   Conj/Air       0%         3x3d6     100%        6
 Haunt                    Necr/Summ      0%         N/A       100%        7
 Discord                  Hex            0%         N/A       100%        8
 Disjunction              Tloc           0%         N/A       100%        8
 Infestation              Necr           0%         N/A       100%        8
 Animate Dead             Necr           Unusable   N/A       N/A         4

Dungeon Overview and Level Annotations

Branches:
Dungeon (11/15)            Temple (1/1) D:6            Lair (0/5) D:10
    Orc (0/2) D:9

Altars:
Ashenzari
Cheibriados
Dithmenos
Fedhas
Gozag
Hepliaklqana
Kikubaaqudgha
Makhleb
Nemelex Xobeh
Okawaru
Qazlal
Ru
Sif Muna
Trog
Uskayaw
Vehumet
Wu Jian
Xom
Yredelemnul

Shops:
D:5 *   D:6 =   D:7 (   D:10 [

Annotations:
D:4 1 runed translucent door, Crazy Yiuf
D:5 2 transporters


Innate Abilities, Weirdness & Mutations

You are a tree.
Your roots penetrate the ground, keeping you stationary.
You cannot be teleported.
You are immune to unholy pain and torment.
Your maximum health is greatly increased.
Your equipment is partially melded.
((You have hoof-like feet.))
You are surrounded by a mild repulsion field. (EV +2)
Your demonic aura sometimes causes spilled blood to erupt in flames.
When hurt, damage is shared between your health and your magic reserves.
You regenerate magic rapidly.
When low on magic, you restore magic in place of health.


Message History

The stone arrow hits you!!
* * * LOW HITPOINT WARNING * * *
Okay, then. [a] - 125 gold - heal wounds [b] - 650 gold - invisibility, might, lignification and resistance [c] - 264 gold - curing and magic Purchase which effect?
You feel much better.
The wraith is no longer distracted by gold.
You block something's attack. The wraith closely misses you.
The gargoyle hits you with a +0 dire flail!!
* * * LOW HITPOINT WARNING * * *
Unknown command.
Your transformation has ended.
You turn into a tree.
Your +2 scale mail of poison resistance melds into your body.
You no longer feel resistant to poison.
Your roots penetrate the ground.
Something hits you but does no damage.
The wraith is engulfed in blazing flames.
You block the wraith's attack.
The gargoyle hits you with a +0 dire flail!
* * * LOW HITPOINT WARNING * * *
Unknown command.
You feel better. Something hits you.
* * * LOW HITPOINT WARNING * * *
Something hits you but does no damage.
The wraith is engulfed in blazing flames.
The wraith hits you but does no damage.
The gargoyle hits you but does no damage.
You feel better. The wraith hits you but does no damage.
The gargoyle hits you with a +0 dire flail!
* * * LOW HITPOINT WARNING * * *
Unknown command.
You feel better.
Something hits you but does no damage. x2
The wraith hits you!
* * * LOW HITPOINT WARNING * * *
The gargoyle hurls a stone arrow at you.
The stone arrow hits you!!
You die...
Your body crumbles into a pile of gold.

... ### ... #.# # ..#
#.## ###. #.# #..#
.##...# #.# #..#
......$###.# #..)
#....$W$#.# ##.##
..$#..$#♣..#### #..##
#....9#....## ####.#..
#...#.......###......#
............#.......####
...#####..)..<.##.###
.... #....##....# # ...
#....##....# ##
#....#..##.#####.
#....#.###.....>.


You could see a wraith and a gargoyle.

Vanquished Creatures
  2 two-headed ogres
  A cyclops (D:10)
  A gargoyle (D:11)
  A kobold demonologist (D:9)
  A komodo dragon (D:10)
  A hornet (D:9)
  A basilisk (D:10)
  A wyvern (D:10)
  A steam dragon (D:8)
  A warg (D:9)
  A water moccasin (D:6)
  3 sky beasts
  2 orc warriors
  An ogre (D:6)
  3 black bears
  A wolf (D:9)
  3 centaurs
  5 kobold brigands
  4 scorpions
  A bullfrog (D:6)
  8 wights
  6 killer bees (D:10)
  5 howler monkeys
  3 gnoll boudas
  8 orc priests
  7 hounds
  7 iguanas
  9 orc wizards
  A sleepcap (D:4)
  18 gnolls
  10 adders
  2 white imps
  4 ufetubi
  A dart slug (D:4)
  A ribbon worm (D:2)
  22 orcs
  5 ball pythons
  8 endoplasms
  5 giant cockroaches
  13 goblins
  10 hobgoblins
  4 quokkas
  4 bats
  3 frilled lizards
  18 kobolds
  6 rats
223 creatures vanquished.

Vanquished Creatures (collateral kills)
  An iguana (D:10)
1 creature vanquished.

Vanquished Creatures (others)
  2 wights (D:9)
  An iguana (D:10)
  A kobold (D:9)
4 creatures vanquished.

Grand Total: 228 creatures vanquished

Notes
Turn   | Place    | Note
-------+----------+-------------------------------------------
     0 | D:1      | Atlas the Demonspawn Shapeshifter began the quest for the
                  | Orb.
     0 | D:1      | Reached XP level 1. HP: 15/15 MP: 1/1
   174 | D:1      | Gained mutation: You regenerate magic rapidly. [demonic
                  | ancestry]
   174 | D:1      | Reached XP level 2. HP: 19/21 MP: 2/2
   493 | D:1      | Reached skill level 3 in Unarmed Combat
  1132 | D:2      | Gained mutation: Your demonic aura sometimes causes spilled
                  | blood to erupt in flames. [demonic ancestry]
  1132 | D:2      | Reached XP level 3. HP: 21/26 MP: 3/3
  1499 | D:2      | Gained mutation: You have large cloven feet. [demonic
                  | ancestry]
  1499 | D:2      | Reached XP level 4. HP: 32/32 MP: 4/4
  1543 | D:2      | Found a faded altar of an unknown god.
  2169 | D:3      | Noticed a scorpion
  2180 | D:3      | Killed a scorpion
  2181 | D:3      | Reached skill level 1 in Stealth
  2181 | D:3      | Reached XP level 5. HP: 25/37 MP: 5/5
  2182 | D:3      | Reached skill level 4 in Unarmed Combat
  2474 | D:3      | Identified the +0 robe of Parlour Games {rPois}
  3252 | D:3      | Reached skill level 1 in Armour
  3376 | D:4      | Gained mutation: When hurt, damage is shared between your
                  | health and your magic reserves. [demonic ancestry]
  3376 | D:4      | Reached XP level 6. HP: 39/44 MP: 6/6
  3500 | D:4      | Found a runed translucent door.
  3501 | D:4      | Noticed Crazy Yiuf
  3609 | D:4      | You fall into a shaft and drop 1 floor!
  3609 | D:5      | Entered Level 5 of the Dungeon
  3685 | D:5      | Found a transporter.
  3803 | D:5      | Reached skill level 5 in Unarmed Combat
  3826 | D:5      | Found Wustumio's General Store.
  3836 | D:5      | Bought a scroll of identify for 22 gold pieces
  3836 | D:5      | Bought a scroll of teleportation for 33 gold pieces
  3836 | D:5      | Bought 3 curare-tipped darts for 39 gold pieces
  3886 | D:5      | Found a transporter.
  3904 | D:5      | Reached XP level 7. HP: 24/51 MP: 2/7
  4893 | D:5      | Noticed a kobold demonologist
  4915 | D:5      | Found a blossoming altar of Fedhas.
  5213 | D:6      | Reached skill level 6 in Unarmed Combat
  5335 | D:5      | Gained mutation: You have hoof-like feet. [demonic
                  | ancestry]
  5335 | D:5      | Reached XP level 8. HP: 50/57 MP: 8/8
  5410 | D:6      | Found an ornate altar of the Wu Jian Council.
  5411 | D:6      | Found a stormy altar of Qazlal.
  5416 | D:6      | Found a basalt altar of Yredelemnul.
  5537 | D:6      | Found Zom Veshe's Jewellery Shoppe.
  6016 | D:6      | Found a staircase to the Ecumenical Temple.
  6032 | Temple   | Entered the Ecumenical Temple
  6042 | Temple   | Became a worshipper of Gozag Ym Sagoz the Greedy
  6121 | D:6      | Found a hazy altar of Hepliaklqana.
  6209 | D:7      | Reached skill level 7 in Unarmed Combat
  6774 | D:7      | Gained mutation: When low on magic, you restore magic in
                  | place of health. [demonic ancestry]
  6774 | D:7      | Reached XP level 9. HP: 61/64 MP: 9/9
  6951 | D:7      | Found Ofikaday's Antique Weapon Shop.
  7564 | D:8      | Reached skill level 8 in Unarmed Combat
  7571 | D:8      | Reached skill level 5 in Shapeshifting
  7607 | D:8      | Reached skill level 5 in Armour
  7869 | D:7      | Reached skill level 1 in Shields
  8434 | D:9      | Paralysed by a hornet for 1 turns
  8663 | D:9      | Found a bloodstained altar of Trog.
  8675 | D:9      | Found a sparkling altar of Nemelex Xobeh.
  8780 | D:9      | Noticed a kobold demonologist
  8792 | D:9      | Killed a kobold demonologist
  8793 | D:9      | Reached skill level 9 in Unarmed Combat
  9093 | D:9      | Gained mutation: You are surrounded by a mild repulsion
                  | field. (EV +2) [demonic ancestry]
  9093 | D:9      | Reached XP level 10. HP: 28/71 MP: 5/10
  9282 | D:9      | Identified the +3 quarterstaff of the Beast {venom, Int+3}
  9297 | D:9      | Found a staircase to the Orcish Mines.
  9419 | D:9      | Identified the +6 short sword "Miastruxi" {chaos, rCorr
                  | Str+3}
  9643 | D:10     | Entered Level 10 of the Dungeon
 10128 | D:10     | Noticed a cyclops
 10132 | D:10     | Killed a cyclops
 10133 | D:10     | Reached skill level 1 in Evocations
 10254 | D:10     | Found Ygurchuh's Armour Emporium.
 10285 | D:10     | Found a staircase to the Lair.
 10697 | D:10     | Noticed a two-headed ogre
 10707 | D:10     | Killed a two-headed ogre
 10988 | D:11     | Noticed a two-headed ogre
 10991 | D:11     | Killed a two-headed ogre
 11022 | D:11     | Noticed a gargoyle
 11025 | D:11     | Noticed a gargoyle
 11033 | D:11     | Killed a gargoyle
 11034 | D:11     | Reached skill level 10 in Unarmed Combat
 11041 | D:11     | Killed from afar by a gargoyle

Illustrated notes

Levels and vault maps discovered:
D:1:      dpeg_arrival_snail, layout_basic
D:2:      layout_basic, shapermc_ecumenical_altar_flowoftime, serial_forest,
          infiniplex_forest_lined_1, infiniplex_forest_clump_medium,
          infiniplex_forest_clump_double, infiniplex_forest_clump_medium,
          infiniplex_forest_end_2, infiniplex_forest_end_2,
          infiniplex_forest_zigzag_1, hex_intersection, nrook_uturn
D:3:      layout_basic, minmay_goblin_kobold_house
D:4:      layout_loops_ring, uniq_crazy_yiuf_cottage
D:5:      gammafunk_wand_slinger, layout_loops_ring, kennysheep_mini,
          serial_shops, nicolae_shop_temple_entry_statues_fountains
D:6:      layout_loops_ring, nicolae_overflow_hidden_temple,
          minmay_temple_entry_hall, serial_shops, shop_coins
D:7:      layout_gridville, serial_shops, nicolae_shop_behind_doors,
          kb_lookout_dungeons_type, minmay_misc_feat_roman,
          roderic_roman_lattice, minmay_unpleasant_kobolds
D:8:      layout_rooms
D:9:      layout_irregular_city, mainiacjoe_overflow_large_starburst,
          minmay_orc_entry_guard_dogs
D:10:     layout_roguey, lair_entry_dummy, serial_shops,
          nicolae_shop_back_alley_shop, minmay_lizard_king
D:11:     layout_rooms, special_room [special_room_orc], uniq_maurice,
          uniq_urug, uniq_josephine, uniq_harold
Temple:   nicolae_temple_ecumenical_triangle

Skill      XL: |  1  2  3  4  5  6  7  8  9 10 |
---------------+-------------------------------+-----
Dodging        | 2 3 4 |  4.4
Shapeshifting  | 3 4 5 7 |  7.2
Unarmed Combat | 3 4 5 6 7 9 10 | 10.1
Stealth        | 1 |  1.3
Armour         | 1 2 3 4 5 6 |  6.9
Fighting       | 2 3 4 |  4.0
Shields        | 1 2 |  2.0
Evocations     | 1 |  1.2
Throwing       | |  0.3

Action                     |  1- 3 |  4- 6 |  7- 9 | 10-12 || total
---------------------------+-------+-------+-------+-------++-------
  Melee: Unarmed           |   106 |   121 |   365 |   114 ||   706
         Punch             |     4 |     3 |    20 |     7 ||    34
         Kick              |       |    32 |   104 |    37 ||   173
  Throw: Dart              |       |       |       |     5 ||     5
 Invoke: Potion Petition   |       |       |       |     2 ||     2
  Evoke: Wand              |       |       |     3 |     7 ||    10
    Use: Potion            |       |     1 |     1 |     4 ||     6
   Stab: Sleeping          |     2 |     2 |       |       ||     4
         Distracted        |       |       |       |     1 ||     1
 Armour: Animal skin       |    55 |    16 |       |       ||    71
         Ring mail         |       |    45 |       |       ||    45
         Scale mail        |       |    28 |   254 |    78 ||   360
         Skin              |       |       |       |    12 ||    12
  Dodge: Dodged            |    54 |    55 |   190 |    56 ||   355
  Block: Other             |       |       |    50 |    21 ||    71
         Reflection        |       |       |     5 |     1 ||     6

Table legend: (Time is in decaauts)
 A = Elapsed time spent in this place.
 B = Non-inter-level travel time spent in this place.
 C = Inter-level travel time spent in this place.
 D = Time resting spent in this place.
 E = Time spent auto-exploring this place.
 F = Levels seen in this place.
 G = Mean time per level.
                   A        B        C        D        E       F      G
               +--------+--------+--------+--------+--------+-----+--------+
         Total |  10961 |  10367 |    594 |    659 |   8114 |  12 |  913.4 |
       Dungeon |  10941 |  10356 |    585 |    659 |   8114 |  11 |  994.6 |
        Temple |     19 |     10 |      9 |      0 |      0 |   1 |   19.0 |
               +--------+--------+--------+--------+--------+-----+--------+

Top non-repeatable levels by time:
     D:9: 1566 daAuts
     D:7: 1419 daAuts
     D:3: 1209 daAuts
    D:10: 1096 daAuts
     D:2: 1093 daAuts
     D:1: 1018 daAuts
     D:4: 1018 daAuts
     D:6: 924 daAuts
     D:5: 882 daAuts
     D:8: 631 daAuts
    D:11: 81 daAuts
  Temple: 19 daAuts
